 Dungeon Crawl Stone Soup version 0.28.0-47-ge53b351184 (webtiles) character file.

Game seed: 8852036268989337235

371 acdeimund the Spear-Bearer (level 6, -2/48 HPs)
             Began as a Merfolk Berserker on May 2, 2022.
             Was a Believer of Trog.
             Slain by Grinder (4 damage)
             ... while paralysed by Grinder
             ... on level 5 of the Dungeon.
             The game lasted 00:10:28 (5351 turns).

acdeimund the Spear-Bearer (Merfolk Berserker)      Turns: 5351, Time: 00:10:29

Health: -2/48      AC:  5    Str: 17    XL:     6   Next: 70%
Magic:  6/6        EV:  2    Int:  7    God:    Trog [**....]
Gold:   185        SH:  0    Dex: 15    Spells: 5/5 levels left

rFire   . . .      SeeInvis .   a - +0 spear
rCold   . . .      Faith    .   (no shield)
rNeg    . . .      Spirit   .   n - +0 ring mail of Hangman {rElec}
rPois   .          Reflect  .   (no helmet)
rElec   +          Harm     .   (no cloak)
rCorr   .          Rampage  .   (no gloves)
Will    ++...                   (no boots)
Stlth   +.........              (no amulet)
HPRegen 1.16/turn               (no ring)
MPRegen 0.10/turn               (no ring)

@: paralysed, strong-willed (expiring), on berserk cooldown, regenerating
(expiring), slowed
A: (nimble swimmer 2), mertail
a: Renounce Religion, Berserk, Trog's Hand


You were on level 5 of the Dungeon.
You worshipped Trog.
Trog was pleased with you.
You visited 1 branch of the dungeon, and saw 5 of its levels.

You collected 185 gold pieces.

Inventory:

Hand Weapons
 a - a +0 spear (weapon)
Missiles
 m - 6 javelins (quivered)
 q - 4 boomerangs of dispersal
Armour
 b - a +0 animal skin
 n - the +0 ring mail of Hangman (worn) {rElec}
   (You found it on level 3 of the Dungeon)

   rElec:     It insulates you from electricity.
Scrolls
 d - a scroll of fog {unknown}
 e - 2 scrolls of teleportation {unknown}
 f - a scroll of enchant armour {unknown}
 g - 3 scrolls of identify {unknown}
 l - 2 scrolls of fear {unknown}
 o - a scroll of silence {unknown}
Potions
 c - 2 potions of curing {unknown}
 h - a potion of magic {unknown}
 i - a potion of degeneration {unknown}
 j - a potion of ambrosia {unknown}
 k - a potion of heal wounds {unknown}
 p - a potion of brilliance {unknown}


   Skills:
 + Level 3.8 Fighting
 * Level 9.4 Polearms
 + Level 2.0 Armour
 + Level 3.6 Dodging


You had 5 spell levels left.
You didn't know any spells.
Your spell library contained the following spells:

 Spells                   Type           Power      Damage    Failure   Level
 Freeze                   Ice            0%         1d3       63%         1
 Frozen Ramparts          Ice            0%         1d2       94%         3
 Hailstorm                Conj/Ice       0%         3d3       100%        4


Dungeon Overview and Level Annotations

Branches:
Dungeon (5/15)             Temple (0/1) D:5

Altars:
Fedhas
Hepliaklqana
Xom

Shops:
D:5 ?

Annotations:
D:5 Grinder


Innate Abilities, Weirdness & Mutations

((You are very nimble when in or above water. (Stealth+, EV+, Speed+++)))
Your lower body shifts to a powerful aquatic tail in water.


Message History

You feel strong-willed. Grinder closely misses you.
A red film seems to cover your vision as you go berserk!
You feel yourself moving faster!
You feel mighty!
Grinder blinks!
You feel a strong urge to attack something.
There is a stone staircase leading up here.
You feel your anger nearly subside.
You are no longer berserk.
You are exhausted.
You feel yourself slow down.
There is an entrance to Yzupuwko's Magic Scroll Boutique here.
You puncture Grinder!
Grinder is lightly wounded.
Grinder says, "Just stop there for a second..."
Grinder hits you.
You puncture Grinder!
Grinder is moderately wounded.
Grinder barely misses you.
You completely miss Grinder.
Grinder is moderately wounded.
Grinder hits you.
You writhe in agony.
You hit Grinder.
Grinder is heavily wounded.
Grinder hits you!
You writhe in agony.
You puncture Grinder!
Grinder is severely wounded.
Grinder gestures at you.
You suddenly lose the ability to move!
Grinder hits you.
You writhe in agony.
Grinder hits you.
You writhe in agony.
* * * LOW HITPOINT WARNING * * *
Grinder hits you.
* * * LOW HITPOINT WARNING * * *
You writhe in agony.
* * * LOW HITPOINT WARNING * * *
You feel the effects of Trog's Hand fading.
Grinder hits you!
* * * LOW HITPOINT WARNING * * *
You writhe in agony.
You die...

. ###. ##...
##########..#
.........8####
#..#.......##
#.8.<.@5>.8#
#.........##
##....8####
#######


You could see Grinder.

Vanquished Creatures
  An ogre (D:4)
  A howler monkey (D:4)
  Jessica (D:2)
  Terence (D:2)
  4 gnolls (D:5)
  5 adders
  An ufetubus (D:4)
  An adder skeleton (D:4)
  3 worms
  4 dart slugs
  5 orcs
  5 bats
  7 endoplasms
  5 giant cockroaches
  4 goblins
  10 hobgoblins
  5 jackals (D:1)
  2 quokkas (D:1)
  8 ball pythons
  5 frilled lizards
  6 kobolds
  5 rats
89 creatures vanquished.

Notes
Turn   | Place    | Note
-------+----------+-------------------------------------------
     0 | D:1      | acdeimund the Merfolk Berserker began the quest for the
                  | Orb.
     0 | D:1      | Reached XP level 1. HP: 18/18 MP: 1/1
    58 | D:1      | Found a faded altar of an unknown god.
    70 | D:1      | Reached skill level 5 in Polearms
   345 | D:1      | Reached XP level 2. HP: 23/24 MP: 2/2
   739 | D:1      | Reached skill level 6 in Polearms
   739 | D:1      | Reached XP level 3. HP: 14/29 MP: 3/3
  1634 | D:2      | Reached ** piety under Trog
  1668 | D:2      | Noticed Terence
  1684 | D:2      | Killed Terence
  1685 | D:2      | Reached skill level 7 in Polearms
  1685 | D:2      | Reached XP level 4. HP: 33/35 MP: 4/4
  2247 | D:2      | Noticed Jessica
  2451 | D:2      | Killed Jessica
  2455 | D:2      | Reached skill level 8 in Polearms
  2638 | D:2      | Reached XP level 5. HP: 4/41 MP: 5/5
  3255 | D:3      | Identified the +0 ring mail of Hangman {rElec}
  3703 | D:4      | Found a shimmering altar of Xom.
  3966 | D:4      | Reached skill level 9 in Polearms
  3966 | D:4      | Reached XP level 6. HP: 29/47 MP: 6/6
  3990 | D:4      | Reached *** piety under Trog
  4397 | D:4      | Found a blossoming altar of Fedhas.
  4939 | D:4      | Found a hazy altar of Hepliaklqana.
  5048 | D:5      | Entered Level 5 of the Dungeon
  5054 | D:5      | Found a staircase to the Ecumenical Temple.
  5054 | D:5      | Noticed an ice beast
  5336 | D:5      | Noticed Grinder
  5336 | D:5      | Found Yzupuwko's Magic Scroll Boutique.
  5347 | D:5      | Paralysed by Grinder for 7 turns
  5351 | D:5      | HP: 2/48 [Grinder (8)]
  5351 | D:5      | Slain by Grinder

Illustrated notes

Levels and vault maps discovered:
D:1:      mrwooster_arrival_statue_2, layout_basic,
          hellmonk_ecumenical_altar_prayer_group, moated_statue,
          minmay_misc_feat_iff
D:2:      layout_basic, uniq_terence, uniq_jessica
D:3:      layout_basic
D:4:      layout_basic, worldfamousw_hep_ancestral_shrine,
          mainiacjoe_overflow_brackets, marbit_many_paths
D:5:      layout_rooms, mainiacjoe_overflow_catwalk, grunt_dithmenos_smoke,
          minmay_temple_entry_slanted, nicolae_stop_n_shop_2,
          lightli_corner_chamber, uniq_grinder, uniq_menkaure,
          uniq_prince_ribbit1, uniq_pikel

Skill      XL: |  1  2  3  4  5  6 |
---------------+-------------------+-----
Polearms       | 5 6 7 8 9 |  9.4
Dodging        | 3 |  3.6
Armour         | 2 |  2.0
Fighting       | |  3.8

Action                   |  1- 3 |  4- 6 || total
-------------------------+-------+-------++-------
Melee: Spear             |   111 |   227 ||   338
       Punch             |     1 |       ||     1
Invok: Berserk           |     1 |     4 ||     5
       Trog's Hand       |       |     1 ||     1
 Stab: Sleeping          |     4 |     1 ||     5
Armor: Animal skin       |    16 |    10 ||    26
       Ring mail         |       |    13 ||    13
Dodge: Dodged            |    38 |    82 ||   120
